 Dungeon Crawl Stone Soup version 0.25-a0-558-g78a2afb0af (webtiles) character file.

Game seed: 7719175749137238605, levelgen mode: classic

560 EnegeticOcto the Chopper (level 7, 57/66 HPs)
             Began as a Deep Dwarf Fighter on Feb 24, 2020.
             Quit the game on level 4 of the Dungeon.
             The game lasted 00:01:07 (895 turns).

EnegeticOcto the Chopper (Deep Dwarf Fighter)        Turns: 895, Time: 00:01:07

Health: 57/66      AC:  8    Str: 21    XL:     7   Next: 9%
Magic:  5/5        EV:  6    Int:  9    God:
Gold:   61         SH:  8    Dex: 12    Spells: 6/6 levels left

rFire    . . .     SeeInvis +   a - +0 war axe
rCold    + . .     Gourm    .   c - +0 kite shield
rNeg     . . .     Faith    .   o - +2 scale mail {rC+}
rPois    .         Spirit   .   p - -1 helmet (curse)
rElec    .         Reflect  .   (no cloak)
rCorr    .         Harm     .   (no gloves)
MR       +....                  (no boots)
Stlth    ..........             (no amulet)
HPRegen  0.00/turn              g - ring of see invisible
MPRegen  0.09/turn              (no ring)

@: non-regenerating, very heavily drained
A: damage resistance, heal wounds, sense surroundings 1, no regeneration
a: Heal Wounds


You were on level 4 of the Dungeon.
You were not hungry.

You visited 1 branch of the dungeon, and saw 4 of its levels.

You collected 61 gold pieces.

Inventory:

Hand Weapons
 a - a +0 war axe (weapon)
Missiles
 l - 2 throwing nets (quivered)
Armour
 c - a +0 kite shield (worn)
 o - a +2 scale mail of cold resistance (worn)
 p - a cursed -1 helmet (worn)
Jewellery
 g - a ring of see invisible (left hand)
Scrolls
 f - a scroll of noise {unknown}
 h - 2 scrolls of teleportation {unknown}
 j - 2 scrolls of identify {unknown}
 n - a scroll of fog {unknown}
 u - 2 scrolls of enchant armour {unknown}
Potions
 b - a potion of berserk rage {unknown}
 i - a potion of brilliance {unknown}
 k - 2 potions of might {@q3}
 m - a potion of cancellation {unknown}
 q - a potion of stabbing {unknown}
 r - 2 potions of haste {unknown}
 s - a potion of heal wounds {unknown}
 t - a potion of mutation {unknown}
Comestibles
 d - 8 chunks of flesh
 e - 4 rations


   Skills:
 * Level 4.5(1.1) Fighting
 * Level 4.8(1.4) Axes
 + Level 4.5(1.2) Armour
 + Level 2.8(0.0) Dodging
 + Level 4.5(1.1) Shields


You had 6 spell levels left.
You didn't know any spells.
Your spell library was empty.

Dungeon Overview and Level Annotations

Branches:
Dungeon (4/15)
 Temple: D:4-7

Altars:


Innate Abilities, Weirdness & Mutations

You are resistant to damage.
You can heal yourself by infusing magical energy.
You passively map a small area around you.
You do not regenerate.


Message History

The big kobold hits you but does no damage.
You block the big kobold's attack. The big kobold closely misses you.
The big kobold hits you but does no damage.
You feel drained.
You completely miss the big kobold.
The big kobold is moderately wounded.
You barely miss the big kobold.
The big kobold hits you but does no damage.
The big kobold closely misses you.
The big kobold hits you with a +1 dagger of speed.
You closely miss the big kobold.
The big kobold is moderately wounded.
You miss the big kobold.
The big kobold hits you but does no damage.
You feel drained. You block the big kobold's attack.
You barely miss the big kobold.
The big kobold is moderately wounded.
You closely miss the big kobold. The big kobold barely misses you.
You block the big kobold's attack.
The big kobold hits you but does no damage. x2
You feel drained.
You closely miss the big kobold.
The big kobold is moderately wounded.
You hit the big kobold.
The big kobold hits you but does no damage. x2
You feel drained.
The big kobold hits you but does no damage.
You feel much better.
The big kobold hits you with a +1 dagger of draining.
You feel drained.
The big kobold hits you but does no damage.
Some of the chunks of flesh in your inventory have rotted away.
You closely miss the big kobold.
The big kobold is moderately wounded.
You barely miss the big kobold.
The big kobold hits you but does no damage.
The big kobold completely misses you.
The big kobold hits you but does no damage.
You slash the big kobold!
The big kobold is heavily wounded.
You closely miss the big kobold.
The big kobold hits you but does no damage.
You feel drained.
The big kobold hits you but does no damage.
You block the big kobold's attack. x2
You closely miss the big kobold.
The big kobold is heavily wounded.
You closely miss the big kobold.
The big kobold hits you with a +1 dagger of draining.
You feel drained. You block the big kobold's attack.
You hit the big kobold.
The big kobold is heavily wounded.
You hit the big kobold.
The big kobold hits you but does no damage. x2
You feel drained. You block the big kobold's attack. x2
You barely miss the big kobold.
The big kobold is heavily wounded.
You hit the big kobold. You block the big kobold's attack.
The big kobold hits you but does no damage.
You feel drained. You block the big kobold's attack.
Your scale mail prevents you from hitting the big kobold.
The big kobold is heavily wounded.
You hit the big kobold.
The big kobold hits you with a +1 dagger of draining.
You feel drained. You block the big kobold's attack.
The big kobold hits you but does no damage.
The big kobold hits you with a +1 dagger of draining.
You feel drained.
You barely miss the big kobold.
The big kobold is heavily wounded.
You completely miss the big kobold.
The big kobold hits you but does no damage.
The big kobold barely misses you.
You closely miss the big kobold.
The big kobold is heavily wounded.
You miss the big kobold.
The big kobold hits you but does no damage.
You block the big kobold's attack.
The big kobold hits you but does no damage. x2
You feel drained.
Your shield and scale mail prevent you from hitting the big kobold.
The big kobold is heavily wounded.
You hit the big kobold.
The big kobold hits you but does no damage.
You block the big kobold's attack.
The big kobold hits you but does no damage.
You feel drained.
You slash the big kobold!
The big kobold is severely wounded.
You barely miss the big kobold.
The big kobold hits you but does no damage.
The big kobold barely misses you.
The big kobold hits you but does no damage.
You block the big kobold's attack.
The big kobold hits you but does no damage.
Okay, then.
Assign waypoint to what number? (0-9)
Okay, then.
Unknown command.
Are you sure you want to abandon this character and quit the game? (Confirm with "yes".)

*, *#### ≈≈≈≈≈# , , ,
####### ≈ ≈≈≈
#####.....###≈≈≈≈≈≈≈ *#
............######≈# *...
.....#####....)..###....[
, ######≈≈≈###..).@K....#
### ≈≈≈≈≈≈≈######K..###,,
..##≈≈≈≈≈≈≈≈ * #####
..####≈≈≈####* *, ###
##### ,,, , # # * * ,


You could see 2 big kobolds.

Vanquished Creatures
  Purgy (D:3)
  2 ogres (D:4)
  A howler monkey (D:4)
  Jessica (D:2)
  Terence (D:2)
  Natasha (twice) (D:2)
  2 worker ants (D:4)
  3 adders
  A leopard gecko (D:3)
  5 orcs
  A ball python (D:1)
  2 giant cockroaches
  7 goblins
  4 hobgoblins
  13 jackals
  12 kobolds
  4 frilled lizards
  8 rats
70 creatures vanquished.

Notes
Turn   | Place    | Note
-------+----------+-------------------------------------------
     0 | D:1      | EnegeticOcto the Deep Dwarf Fighter began the quest for the
                  | Orb.
     0 | D:1      | Reached XP level 1. HP: 20/20 MP: 1/1
   195 | D:2      | Reached XP level 2. HP: 25/27 MP: 2/2
   236 | D:2      | Reached skill level 1 in Dodging
   236 | D:2      | Reached XP level 3. HP: 21/34 MP: 3/3
   280 | D:2      | Noticed Terence
   289 | D:2      | Noticed Natasha
   291 | D:2      | Killed Terence
   303 | D:2      | Killed Natasha
   303 | D:2      | Reached XP level 4. HP: 42/42 MP: 3/3
   345 | D:2      | Noticed Jessica
   349 | D:2      | Killed Jessica
   373 | D:2      | Noticed Natasha
   384 | D:2      | Killed Natasha
   384 | D:2      | Reached XP level 5. HP: 32/49 MP: 4/4
   476 | D:3      | Noticed Purgy
   528 | D:3      | Killed Purgy
   580 | D:3      | Reached XP level 6. HP: 44/57 MP: 5/5
   822 | D:4      | Reached XP level 7. HP: 42/66 MP: 5/5
   895 | D:4      | Quit the game

Levels and vault maps discovered:
D:1:      sevenhm_arrival_forest_fort_large_4, layout_basic, glass_columns_b
D:2:      layout_rooms, first_ration, uniq_jessica, uniq_terence, uniq_natasha
D:3:      layout_rooms, st_stairs_5, uniq_purgy
D:4:      cheibrodos_thug_alley, layout_layer_cave

Skill      XL: |  1  2  3  4  5  6 |
---------------+-------------------+-----
Fighting       | 3 4 |  4.5
Dodging        | 1 2 |  2.8
Axes           | 3 4 |  4.8
Armour         | 4 |  4.5
Shields        | 4 |  4.5

Action                   |  1- 3 |  4- 6 |  7- 9 || total
-------------------------+-------+-------+-------++-------
Melee: War axe           |    75 |   188 |    31 ||   294
 Abil: Heal Wounds       |     2 |     8 |     1 ||    11
  Eat: Chunk             |       |     1 |       ||     1
Armor: Scale mail        |    24 |   133 |    29 ||   186
Dodge: Dodged            |    32 |   120 |    10 ||   162
Block: Kite shield       |    47 |   151 |    20 ||   218

Table legend:
 A = Non-vault XP
 B = Vault XP
 C = Vault XP percentage of total XP
 D = Non-vault monster count
 E = Vault monster count
 F = Vault count percentage of total count
                 A         B        C        D         E       F
            +---------+---------+-------+---------+---------+-------
      Total |     543 |     257 |  32.1 |      58 |      12 |  17.1
            +---------+---------+-------+---------+---------+-------
        D:1 |      10 |       0 |   0.0 |       7 |       0 |   0.0
        D:2 |      88 |     108 |  55.1 |      18 |       3 |  14.3
        D:3 |      47 |     136 |  74.3 |      19 |       1 |   5.0
        D:4 |     398 |      13 |   3.2 |      14 |       8 |  36.4
            +---------+---------+-------+---------+---------+-------
